 Dungeon Crawl Stone Soup version 0.29-a0-721-g7f417c9bbb (webtiles) character file.

Game seed: 8604242463386186603

955 gobodom the Ruffian (level 7, 0/67 HPs)
             Began as a Troll Gladiator on June 28, 2022.
             Slain by an ice beast (10 damage)
             ... on level 6 of the Dungeon.
             The game lasted 00:18:07 (3552 turns).

gobodom the Ruffian (Troll Gladiator)               Turns: 3552, Time: 00:18:08

Health: 0/67       AC:  0    Str: 23    XL:     7   Next: 91%
Magic:  6/6        EV: 11    Int:  6    God:
Gold:   307        SH:  0    Dex: 11    Spells: 5/6 levels left

rFire   . . .      SeeInvis .   s - +2 dagger (elec)
rCold   . . .      Faith    .   (no shield)
rNeg    . . .      Spirit   .   a - +0 robe
rPois   .          Reflect  .   b - +0 hat
rElec   .          Harm     .   (no cloak)
rCorr   .          Rampage  .   (gloves unavailable)
Will    .....                   (boots unavailable)
Stlth   ++........              (no amulet)
HPRegen 1.01/turn               h - +4 ring of protection
MPRegen 0.10/turn               (no ring)

@: corroded
A: large, unfitting armour, claws 3, regeneration 1, shaggy fur 1, tough skin 1
a: no special abilities


You were on level 6 of the Dungeon.
You visited 1 branch of the dungeon, and saw 6 of its levels.

You collected 307 gold pieces.

Inventory:

Hand Weapons
 o - a +2 short sword of venom
 p - the +6 spear "Boffennoi" {speed, rElec Str-5 Int+6}
   (You found it on level 3 of the Dungeon)

   Attacks with this weapon are significantly faster.
   Str:       It affects your strength (-5).
   Int:       It affects your intelligence (+6).
   rElec:     It insulates you from electricity.
 s - a +2 dagger of electrocution (weapon)
Missiles
 c - a throwing net
 e - 6 poisoned darts (quivered)
Armour
 a - a +0 robe (worn)
 b - a +0 hat (worn)
Jewellery
 h - a +4 ring of protection (left claw)
 k - a ring of ice
 n - a ring of fire
Wands
 g - a wand of quicksilver (7)
Scrolls
 j - 2 scrolls of enchant weapon
 q - a scroll of fog {unknown}
 u - 4 scrolls of amnesia
 v - a scroll of acquirement {unknown}
 w - 2 scrolls of magic mapping {unknown}
 y - a scroll of summoning {unknown}
 z - a scroll of blinking {unknown}
 A - a scroll of torment {unknown}
Potions
 d - 2 potions of curing
 f - a potion of magic
 i - a potion of lignification {unknown}
 l - 3 potions of might {unknown}
 m - 2 potions of berserk rage {unknown}
 r - a potion of experience {unknown}
 t - 2 potions of mutation {unknown}
 x - a potion of attraction {unknown}


   Skills:
 + Level 3.1 Fighting
 + Level 2.2 Short Blades
 + Level 3.0 Polearms
 + Level 2.4 Throwing
 + Level 4.3 Dodging
 + Level 1.2 Stealth
 + Level 4.8 Unarmed Combat
 + Level 0.3 Spellcasting
 + Level 0.5 Summonings


You had 5 spell levels left.
You knew the following spells:

 Your Spells              Type           Power      Damage    Failure   Level
a - Summon Small Mammal   Summ           0%         N/A       36%         1

Your spell library contained the following spells:

 Spells                   Type           Power      Damage    Failure   Level
 Magic Dart               Conj           0%         1d3       45%         1
 Sting                    Tmut/Pois      0%         1d3       45%         1
 Call Imp                 Summ           0%         N/A       52%         2
 Static Discharge         Conj/Air       0%         N/A       58%         2
 Sublimation of Blood     Necr           0%         N/A       58%         2
 Mephitic Cloud           Conj/Pois/Air  0%         N/A       83%         3
 Dispel Undead            Necr           0%         3d6       99%         4
 Ice Form                 Ice/Tmut       0%         N/A       99%         4
 Petrify                  Tmut/Erth      0%         N/A       99%         4
 Sticky Flame             Conj/Fire      0%         2d3       99%         4
 Irradiate                Conj/Tmut      0%         3d13      100%        5
 Summon Forest            Summ/Tloc      0%         N/A       100%        5
 Haunt                    Necr/Summ      0%         N/A       100%        7


Dungeon Overview and Level Annotations

Branches:
Dungeon (6/15)
 Temple: D:4-7

Altars:
Fedhas
Makhleb
Uskayaw
Xom
Zin

Shops:
D:4 !


Innate Abilities, Weirdness & Mutations

You are too large for most types of armour.
You have claws for hands.
Your natural rate of healing is unusually fast.
You are covered in fur. (AC +1)
You have tough skin. (AC +1)


Message History

The iguana is almost dead.
The ice beast hits you. The ice beast freezes you.
The iguana barely misses you.
You barely miss the iguana.
The iguana is almost dead.
The ice beast barely misses you. The iguana misses you.
You barely miss the iguana.
The iguana is almost dead.
The ice beast completely misses you. The iguana bites you.
You hit the iguana but do no damage.
The iguana is almost dead.
The ice beast hits you. The ice beast freezes you.
* * * LOW HITPOINT WARNING * * *
The iguana barely misses you.
Aiming: Quicksilver Bolt
Press: ? - help, Q - select action, (/) - cycle Shift-Dir - straight line, f - ice beast
Aim: an ice beast (71% to hit)
The bolt of dispelling energy misses the ice beast.
The ice beast closely misses you. The iguana bites you!
* * * LOW HITPOINT WARNING * * *
Aiming: Quicksilver Bolt
Press: ? - help, Q - select action, (/) - cycle Shift-Dir - straight line, f - iguana, p - ice beast
Aim: an iguana (almost dead, 75% to hit)
The bolt of dispelling energy hits the iguana!
You kill the iguana!
The ice beast misses you.
Aiming: Quicksilver Bolt
Press: ? - help, Q - select action, (/) - cycle Shift-Dir - straight line, f - ice beast
Aim: an ice beast (71% to hit)
The bolt of dispelling energy misses the ice beast.
The ice beast closely misses you.
Aiming: Quicksilver Bolt
Press: ? - help, Q - select action, (/) - cycle Shift-Dir - straight line, f/p - ice beast
Aim: an ice beast (71% to hit)
The bolt of dispelling energy hits the ice beast!
The ice beast is heavily wounded.
The ice beast hits you.
* * * LOW HITPOINT WARNING * * *
The ice beast freezes you!
You die...

...#..... ........
....##.## ........
##..##..####.......
#....#..#..........
#.................
#................(
####..........<.....
#...Y...............
#..@......#.#.......
##....##..#####.....
#...#...$# .....
#...#....# .....
........## .....
#....#..... .###.
#.#..#..... #.#..# .


You could see an ice beast.

Vanquished Creatures
  Grinder (D:5)
  2 ice beasts (D:5)
  A phantom (D:4)
  A necrophage (D:4)
  A jelly (D:6)
  A hound (D:4)
  3 iguanas
  An orc wizard (D:2)
  8 gnolls
  11 adders
  A shadow imp (D:6)
  4 worms
  2 dart slugs (D:1)
  5 orcs
  3 bats
  7 endoplasms
  3 giant cockroaches
  6 goblins
  13 hobgoblins
  3 jackals (D:3)
  7 kobolds
  3 quokkas
  6 ball pythons
  A rat (D:2)
94 creatures vanquished.

Notes
Turn   | Place    | Note
-------+----------+-------------------------------------------
     0 | D:1      | gobodom the Troll Gladiator began the quest for the Orb.
     0 | D:1      | Reached XP level 1. HP: 19/19 MP: 0/0
    51 | D:1      | Reached XP level 2. HP: 28/28 MP: 1/1
   153 | D:1      | Got Sif Muna's Handbook of Creative Transmigration
   214 | D:1      | Reached XP level 3. HP: 35/35 MP: 2/2
   627 | D:2      | Found a shimmering altar of Xom.
   649 | D:2      | You fall into a shaft and drop 2 floors!
   681 | D:4      | Reached XP level 4. HP: 26/42 MP: 3/3
   718 | D:4      | Noticed a phantom
   760 | D:4      | Killed a phantom
   761 | D:4      | Reached XP level 5. HP: 41/49 MP: 4/4
   790 | D:4      | Learned a level 1 spell: Summon Small Mammal
   960 | D:3      | Reached XP level 6. HP: 54/58 MP: 5/5
   980 | D:3      | Found a shimmering altar of Xom.
   980 | D:3      | Found a shimmering altar of Xom.
  1025 | D:3      | Identified the +1 chain mail of Hubris {-Cast Str+6 Stlth+}
  1260 | D:3      | Reached skill level 1 in Short Blades
  1268 | D:3      | Identified the +6 spear "Boffennoi" {speed, rElec Str-5
                  | Int+6}
  1270 | D:3      | Found a hide-covered altar of Uskayaw.
  1606 | D:2      | Found a faded altar of an unknown god.
  2280 | D:4      | Found a burning altar of Makhleb.
  2301 | D:4      | Found a glowing silver altar of Zin.
  2301 | D:4      | Found a blossoming altar of Fedhas.
  2467 | D:4      | Found Nomuanagix's Distillery.
  2669 | D:5      | Entered Level 5 of the Dungeon
  2669 | D:5      | Noticed Grinder
  2669 | D:5      | Noticed an ice beast
  2699 | D:5      | Noticed an ice beast
  2709 | D:5      | Killed an ice beast
  2710 | D:5      | Reached skill level 1 in Polearms
  2758 | D:5      | Reached XP level 7. HP: 66/66 MP: 6/6
  3188 | D:5      | Killed Grinder
  3189 | D:5      | Reached skill level 1 in Stealth
  3552 | D:6      | Slain by an ice beast

Illustrated notes

Levels and vault maps discovered:
D:1:      amcnicky_arrival_gap_in_the_tavern_cellar, layout_rooms
D:2:      layout_basic, basic_altar, shapermc_ecumenical_altar_mp_vishouse,
          minmay_split_cup_large
D:3:      layout_basic, xom_redecorated, lemuel_tele_altar
D:4:      layout_cave_pools, bloody_makhleb,
          mainiacjoe_overflow_large_starburst, serial_rivers,
          chequers_serial_rivers_room_a, chequers_serial_rivers_room_a,
          chequers_serial_rivers_micro_e, chequers_serial_rivers_micro_e,
          serial_shops, nicolae_lakefront_shop, grunt_ministairs_1,
          minmay_crystal_room
D:5:      layout_basic, uniq_grinder
D:6:      layout_cave_pools, uniq_maggie

Skill      XL: |  1  2  3  4  5  6  7 |
---------------+----------------------+-----
Throwing       | 2 |  2.4
Dodging        | 3 4 |  4.3
Fighting       | 2 3 |  3.1
Unarmed Combat | 4 |  4.8
Short Blades   | 1 2 |  2.2
Polearms       | 1 3 |  3.0
Stealth        | 1 |  1.2
Spellcasting   | |  0.3
Summonings     | |  0.5

Action                   |  1- 3 |  4- 6 |  7- 9 || total
-------------------------+-------+-------+-------++-------
Melee: Unarmed           |    62 |       |       ||    62
       Punch             |     3 |     5 |     3 ||    11
       Short sword       |       |   121 |       ||   121
       Spear             |       |    65 |       ||    65
       Dagger            |       |     1 |    68 ||    69
Throw: Large rock        |     4 |     3 |     1 ||     8
       Throwing net      |       |       |     3 ||     3
       Dart              |       |       |     1 ||     1
 Cast: Summon Small Mamm |       |     5 |       ||     5
Evoke: Wand              |       |       |     4 ||     4
  Use: Scroll            |       |     4 |     1 ||     5
 Stab: Sleeping          |     1 |     1 |       ||     2
       Held in net/web   |       |       |     1 ||     1
Armor: Robe              |    21 |    81 |    18 ||   120
Dodge: Dodged            |    22 |    92 |    35 ||   149

Table legend: (Time is in decaauts)
 A = Elapsed time spent in this place.
 B = Non-inter-level travel time spent in this place.
 C = Inter-level travel time spent in this place.
 D = Time resting spent in this place.
 E = Time spent auto-exploring this place.
 F = Levels seen in this place.
 G = Mean time per level.
                   A        B        C        D        E       F      G
               +--------+--------+--------+--------+--------+-----+--------+
         Total |   3540 |   3477 |     63 |     24 |   2085 |   6 |  590.0 |
       Dungeon |   3540 |   3477 |     63 |     24 |   2085 |   6 |  590.0 |
               +--------+--------+--------+--------+--------+-----+--------+

Top non-repeatable levels by time:
     D:2: 844 daAuts
     D:5: 774 daAuts
     D:4: 743 daAuts
     D:3: 594 daAuts
     D:1: 550 daAuts
     D:6: 33 daAuts
